 Dungeon Crawl Stone Soup version 0.23-a0-49-gd9f7a49 (webtiles) character file.

3714 iamserjio the Nimble (level 10, -6/69 HPs)
             Began as an Octopode Chaos Knight on Aug 6, 2018.
             Mangled by a hornet (10 damage)
             ... on level 8 of the Dungeon.
             The game lasted 00:23:05 (7461 turns).

iamserjio the Nimble (Octopode Chaos Knight)        Turns: 7461, Time: 00:23:06

Health: -6/69      AC:  1    Str: 12    XL:     10   Next: 14%
Magic:  10/10      EV: 15    Int: 19    God:    Xom [.*....]
Gold:   246        SH: 13    Dex: 14    Spells: 9/9 levels left

rFire    . . .     SeeInvis .   a - +1 short sword (chaos)
rCold    . . .     Gourm    .   y - +0 large shield
rNeg     . . .     Faith    .   (helmet restricted)
rPois    +         Spirit   .   (no amulet)
rElec    .         Reflect  .   H - ring of wizardry
rCorr    .         Harm     .   e - +5 ring of slaying
MR       +....                  (no ring)
Stlth    +++++.....             (no ring)
HPRegen  0.21/turn              (no ring)
MPRegen  0.12/turn              (no ring)
                                (no ring)
                                (no ring)

@: drained
A: almost no armour, stealthy swim, amphibious, 8 rings, constrict 8, camouflage
1, clever 2, magic resistance 1, poison resistance, screaming 1, gelatinous body
1
a: Renounce Religion


You were on level 8 of the Dungeon.
You worshipped Xom.
You were a plaything of Xom.
You were not hungry.

You visited 1 branch of the dungeon, and saw 8 of its levels.

You collected 285 gold pieces.
You spent 39 gold pieces at shops.

Inventory:

Hand Weapons
 a - a +1 short sword of chaos (weapon)
 g - a +0 hunting sling
 k - a +0 falchion
 s - a +0 shortbow
 v - a +0 great sword
 w - a +0 scimitar
 J - a +4 falchion
 L - a +2 short sword of freezing
 P - a +2 short sword of draining
Missiles
 d - 98 arrows
 h - 4 curare-tipped needles {!f}
 i - 53 sling bullets
 t - 7 tomahawks (quivered)
Armour
 y - a +0 large shield (worn)
Jewellery
 e - a +5 ring of slaying (right tentacle)
 C - an uncursed amulet of the gourmand {unknown}
 H - a ring of wizardry (left tentacle)
Wands
 I - a wand of random effects (69)
 M - a wand of acid (3)
Scrolls
 c - 2 scrolls of remove curse {@r2}
 f - a scroll of enchant armour {unknown}
 j - a scroll of blinking {unknown}
 m - 3 scrolls of teleportation
 n - a scroll of fog
 p - 3 scrolls of enchant weapon
 r - 3 scrolls of magic mapping
 x - 2 scrolls of amnesia
 D - 3 scrolls of random uselessness {unknown}
 G - a scroll of fear {unknown}
 K - a scroll of silence {unknown}
Potions
 l - 2 potions of might
 o - a potion of invisibility
 q - a potion of cancellation {unknown}
 u - a potion of flight {unknown}
 z - a potion of degeneration {unknown}
 A - a potion of curing {@q1}
 B - a potion of agility {unknown}
 E - a potion of brilliance {unknown}
 F - a potion of resistance {unknown}
 N - a potion of ambrosia {unknown}
 O - a potion of lignification
Comestibles
 b - 13 rations
 Q - a chunk of flesh


   Skills:
 + Level 6.6(6.5) Fighting
 - Level 4.0(4.6) Short Blades
 + Level 3.8(4.5) Long Blades
 * Level 9.2(9.0) Dodging
 + Level 9.1(9.0) Stealth
 + Level 4.8(4.6) Shields


You had 9 spell levels left.
You didn't know any spells.
Your spell library contained the following spells:

 Spells                   Type           Power        Failure   Level  Hunger
 Deflect Missiles         Chrm/Air       #.........   100%        6    #######
 Silence                  Hex/Air        #.........   100%        5    ######.
 Conjure Ball Lightning   Conj/Air       #.........   100%        6    #######
 Tornado                  Air            #.........   100%        9    #######
 Summon Lightning Spire   Summ/Air       #.......     100%        4    #####..


Dungeon Overview and Level Annotations

Branches:
Dungeon (8/15)             Temple (0/1) D:4
   Lair: D:8-11

Altars:
Ashenzari
Dithmenos
Wu Jian
Xom
The Shining One

Shops:
D:7 *

Annotations:
D:8 1 runed door, MordorOrchid's ghost, novice OpFE


Innate Abilities, Weirdness & Mutations

You cannot wear most types of armour.
You are very stealthy in the water. (Stealth+)
You are amphibious.
You can wear up to eight rings at the same time.
You can use your tentacles to constrict eight enemies at once.
Your skin changes colour to match your surroundings (Stealth+).
Your rubbery body absorbs attacks. (AC +1, EV +1)
Your mind is very acute. (Int +4)
You are resistant to hostile enchantments. (MR+)
Your system is resistant to poisons. (rPois)
You occasionally shout uncontrollably at your foes.


Message History

Something stings you!
You emit a cloud of colourful smoke!
You miss something. Your squeeze misses something. Something stings you!
* * * LOW HITPOINT WARNING * * *
Something barely misses you.
Evoke which item? (* to show all) (? for menu, Esc to quit)
Aiming: Corrosive Bolt
Press: ? - help, Shift-Dir - straight line Something stings you!
* * * LOW HITPOINT WARNING * * *
You are poisoned.
You feel yourself slow down. Something stings you.
* * * LOW HITPOINT WARNING * * *
You feel better.
You feel yourself speed up. Something stings you!
* * * LOW HITPOINT WARNING * * *
Something stings you!
You die...

.# ####.###.......# ###...#
.## #...## ##..##..# .Z# ..#
#.##.###.#.##### .# #.#
#.###.#.##.# . ..# #.#
##.###.# .## #.# #####.# .#
#.#####....# .##
#...[...######
..#####.<......§@§§#####+###
......#.#####)##§§.........
.)###.#.# #.##......##.####
.## #.#)# #.####.#.........
## #.#.## #.# #.#..######
#.)..####.# #.#..#
#.........# #.#..#
#.<.>###### #.#..# #.#.##
#.#..#


There were no monsters in sight!

Vanquished Creatures
  A two-headed ogre (D:8)
  A hippogriff (D:7)
  Menkaure (D:5)
  An orc warrior (D:7)
  2 sky beasts
  3 ice beasts
  A phantom (D:6)
  A black bear (D:8)
  An ogre (D:8)
  2 centaurs
  2 bullfrogs
  A wyvern skeleton (D:8)
  9 wights
  2 crimson imps (D:5)
  A jelly (D:6)
  2 bullfrog zombies (D:5)
  3 orc priests
  2 hounds
  Crazy Yiuf (D:7)
  A bullfrog skeleton (D:5)
  An iron imp (D:5)
  Jessica (D:3)
  Natasha (thrice) (D:3)
  3 iguanas
  9 orc wizards
  4 worker ants
  A killer bee zombie (D:8)
  2 mummies (D:8)
  4 gnolls
  10 adders
  2 shadow imps (D:6)
  2 oozes
  2 adder zombies (D:5)
  A worm (D:3)
  An adder skeleton (D:5)
  3 dart slugs
  6 leopard geckos
  38 orcs
  9 bats
  2 giant cockroaches
  15 goblins
  6 hobgoblins
  2 jackals (D:3)
  5 kobolds
  2 quokkas
  A ball python (D:3)
  3 frilled lizards
  A quokka zombie (D:7)
  7 rats
  2 fungi (D:7)
186 creatures vanquished.

Vanquished Creatures (others)
  A withered plant (D:8)
1 creature vanquished.

Grand Total: 187 creatures vanquished

Notes
Turn   | Place    | Note
-------+----------+-------------------------------------------
     0 | D:1      | iamserjio the Octopode Chaos Knight began the quest for the Orb.
     0 | D:1      | Reached XP level 1. HP: 16/16 MP: 1/1
     7 | D:1      | Noticed a seven-headed hydra
     7 | D:1      | Noticed a swamp worm
     7 | D:1      | Noticed a komodo dragon
     7 | D:1      | Noticed a hound
     7 | D:1      | Noticed a polar bear
   154 | D:1      | Reached skill level 1 in Stealth
   158 | D:1      | Reached XP level 2. HP: 21/21 MP: 2/2
   346 | D:1      | XOM: harmless Fire miscast
   580 | D:1      | Reached XP level 3. HP: 26/26 MP: 3/3
   869 | D:2      | XOM: divination: detect items
  1108 | D:2      | Reached XP level 4. HP: 29/31 MP: 4/4
  1132 | D:2      | XOM: potion effect (agility)
  1611 | D:3      | Noticed Jessica
  1616 | D:3      | Noticed Natasha
  1623 | D:3      | Killed Jessica
  1623 | D:3      | Reached XP level 5. HP: 28/36 MP: 5/5
  2049 | D:3      | XOM: divination: detect creatures
  2127 | D:3      | XOM: give mutations
  2127 | D:3      | Gained mutation: Your system is resistant to poisons. (rPois) [Xom's mischief]
  2127 | D:3      | Gained mutation: You occasionally shout uncontrollably at your foes. [Xom's mischief]
  2516 | D:3      | Found an ornate altar of the Wu Jian Council.
  2528 | D:3      | Killed Natasha
  2528 | D:3      | Reached XP level 6. HP: 42/42 MP: 6/6
  2694 | D:3      | XOM: stat loss: -1 Int (14/15)
  2985 | D:4      | XOM: divination: detect items
  2995 | D:3      | Noticed Natasha
  3001 | D:3      | Killed Natasha
  3169 | D:3      | Noticed Natasha
  3181 | D:3      | Killed Natasha
  3226 | D:4      | XOM: potion effect (haste)
  3227 | D:4      | XOM: confusion
  3231 | D:4      | XOM: swap monsters
  3232 | D:4      | Reached skill level 5 in Dodging
  3232 | D:4      | Reached skill level 5 in Stealth
  3236 | D:4      | XOM: confusion
  3253 | D:4      | XOM: snakes to sticks
  3256 | D:4      | Reached XP level 7. HP: 46/47 MP: 7/7
  3270 | D:4      | XOM: cloud trail
  3454 | D:4      | Found a staircase to the Ecumenical Temple.
  3501 | D:4      | Found a shattered altar of Ashenzari.
  3705 | D:4      | Found a glowing golden altar of the Shining One.
  3709 | D:4      | XOM: stat loss: -1 Dex (11/12)
  3720 | D:4      | XOM: smoke on damage
  3733 | D:4      | XOM: 1-stop teleportation journey
  3882 | D:4      | XOM: silly message
  4210 | D:5      | Entered Level 5 of the Dungeon
  4228 | D:5      | Noticed Menkaure
  4230 | D:5      | XOM: silly message
  4316 | D:5      | Killed Menkaure
  4316 | D:5      | Reached skill level 1 in Shields
  4592 | D:5      | XOM: divination: magic mapping
  4718 | D:5      | Reached XP level 8. HP: 51/54 MP: 8/8
  4786 | D:5      | XOM: harmless Ice miscast
  4813 | D:5      | XOM: cast spell 'Ring of Flames'
  4843 | D:5      | XOM: confusion (+ monsters)
  5295 | D:5      | XOM: polymorph shadow imp -> iron imp
  5330 | D:5      | Reached skill level 5 in Fighting
  5654 | D:6      | Reached skill level 1 in Long Blades
  5674 | D:6      | Found a shadowy altar of Dithmenos.
  5688 | D:6      | XOM: harmless Summ miscast
  5694 | D:6      | Reached XP level 9. HP: 50/61 MP: 9/9
  5846 | D:7      | Found Zezoc's General Store.
  5855 | D:7      | XOM: potion effect (agility)
  5884 | D:7      | XOM: harmless Erth miscast
  5903 | D:7      | Bought a potion of curing for 39 gold pieces
  5922 | D:6      | XOM: potion effect (invisibility)
  6056 | D:6      | XOM: harmless Conj miscast
  6131 | D:7      | XOM: potion effect (might)
  6155 | D:7      | XOM: scenery: create altars
  6395 | D:7      | XOM: mild Conj miscast
  6563 | D:7      | XOM: give mutations
  6563 | D:7      | Gained mutation: Your mind is acute. (Int +2) [Xom's grace]
  6563 | D:7      | Gained mutation: Your mind is very acute. (Int +4) [Xom's grace]
  6563 | D:7      | Gained mutation: You are resistant to hostile enchantments. (MR+) [Xom's grace]
  6773 | D:7      | Found a runed door.
  6777 | D:7      | Noticed Crazy Yiuf
  6782 | D:7      | Killed Crazy Yiuf
  6830 | D:8      | Found a runed door.
  6831 | D:8      | Noticed a two-headed ogre
  6837 | D:8      | Killed a two-headed ogre
  6837 | D:8      | Reached XP level 10. HP: 57/69 MP: 10/10
  6854 | D:8      | Noticed MordorOrchid's ghost (novice OpFE)
  7089 | D:8      | XOM: noise
  7458 | D:8      | XOM: smoke on damage
  7461 | D:8      | Mangled by a hornet

Vault maps used:
D:1:      onia_arrival_zoo_common, minmay_misc_feat_hallway
D:3:      lemuel_round_altar, serial_bayou_lagoon_b, uniq_jessica, uniq_natasha
D:4:      nicolae_overflow_crystal_walls, tso_altar,
          minmay_temple_entry_enclosed_plants, first_ration
D:5:      grunt_ministairs_8, uniq_menkaure
D:6:      grunt_dithmenos_shadows
D:7:      serial_shops, shop_statue, uniq_crazy_yiuf_cottage
D:8:      nicolae_overflow_hidden_temple, grunt_temple_overflow_open,
          serial_undead, serial_undead_d, serial_undead_d, serial_undead_a,
          serial_undead_f, ebering_ghost_reflecting_pool, grunt_livestock,
          uniq_maurice

Skill      XL: |  1  2  3  4  5  6  7  8  9 10 |
---------------+-------------------------------+-----
Stealth        | 1 2 3 4 5 6 7 8 9 |  9.1
Dodging        | 3 4 5 6 7 9 |  9.2
Short Blades   | 4 |  4.0
Fighting       | 4 5 6 |  6.6
Shields        | 1 3 4 |  4.8
Long Blades    | 1 3 |  3.8

Action                   |  1- 3 |  4- 6 |  7- 9 | 10-12 || total
-------------------------+-------+-------+-------+-------++-------
Melee: Short sword       |    47 |   161 |   189 |    34 ||   431
       Constrict         |    12 |    33 |    41 |     7 ||    93
       Tentacles         |     7 |    28 |    28 |     5 ||    68
 Fire: Hunting sling     |       |       |     9 |       ||     9
Evoke: Wand              |       |       |     4 |     5 ||     9
  Use: Potion            |       |     5 |     1 |     1 ||     7
       Scroll            |       |       |     8 |       ||     8
 Stab: Sleeping          |     8 |     7 |    10 |     3 ||    28
       Distracted        |     1 |       |     1 |       ||     2
       Invisible         |       |       |     2 |       ||     2
  Eat: Chunk             |     1 |     6 |     7 |     3 ||    17
       Ration            |       |       |     1 |       ||     1
Armor: Skin              |     1 |    32 |    14 |       ||    47
Dodge: Dodged            |    16 |    95 |    55 |    11 ||   177
Block: Large shield      |       |       |    59 |    12 ||    71

Table legend:
 A = Spawn XP
 B = Non-spawn XP
 C = Spawn XP percentage of total XP
 D = Spawn monster count
 E = Non-spawn monster count
 F = Spawn count percentage of total count
 G = Total turns spent on level
                    A         B        C        D         E        F      G
               +---------+---------+-------+---------+---------+-------+---------
         Total |       0 |    5307 |   0.0 |       0 |     184 |   0.0 |  7461
               +---------+---------+-------+---------+---------+-------+---------
           D:1 |       0 |      52 |   0.0 |       0 |      17 |   0.0 |   880
           D:2 |       0 |     109 |   0.0 |       0 |      21 |   0.0 |   727
           D:3 |       0 |     299 |   0.0 |       0 |      42 |   0.0 |  1533
           D:4 |       0 |     395 |   0.0 |       0 |      21 |   0.0 |  1070
           D:5 |       0 |     958 |   0.0 |       0 |      27 |   0.0 |  1301
           D:6 |       0 |     806 |   0.0 |       0 |      14 |   0.0 |   534
           D:7 |       0 |    1241 |   0.0 |       0 |      26 |   0.0 |   785
           D:8 |       0 |    1447 |   0.0 |       0 |      16 |   0.0 |   631
               +---------+---------+-------+---------+---------+-------+---------
